 Dungeon Crawl Stone Soup version 0.31-a0-700-gf13585253f (webtiles) character file.

Game seed: 4381842874734263951

11 Aneyh the Poker (level 2, -2/19 HPs)
             Began as a Tengu Monk on Sept 8, 2023.
             Slain by a kobold
             ... wielding a +2 whip of electrocution
              (17 damage)
             ... on level 1 of the Dungeon.
             The game lasted 00:00:51 (144 turns).

Aneyh the Poker (Tengu Monk)                         Turns: 144, Time: 00:00:52

Health: -2/19      AC:  2    Str: 11    XL:     2   Next: 25%
Magic:  3/3        EV: 13    Int: 10    God:
Gold:   36         SH:  0    Dex: 16    Spells: 1/1 levels left

rFire   . . .        a - +0 spear
rCold   . . .        (no shield)
rNeg    . . .        b - +0 robe
rPois   .            (helmet restricted)
rElec   .            (no cloak)
rCorr   .            (no gloves)
SInv    .            (boots unavailable)
Will    .....        (no amulet)
Stlth   +            (no ring)
HPRegen 0.23/turn    (no ring)
MPRegen 0.08/turn

%: acrobat
@: no status effects
A: beak, talons 3, acrobatic
a: no special abilities


You were on level 1 of the Dungeon.
You visited 1 branch of the dungeon, and saw 1 of its levels.

You collected 36 gold pieces.

Inventory:

Hand Weapons
 a - a +0 spear (weapon)
Armour
 b - a +0 robe (worn)
 d - an orb of light
Magical Staves
 f - a staff of poison
Potions
 c - a potion of ambrosia
 e - a potion of mutation {unknown}


   Skills:
 * Level 3.2 Fighting
 + Level 3.5 Polearms
 + Level 3.5 Dodging


You had one spell level left.
You didn't know any spells.
Your spell library was empty.

Dungeon Overview and Level Annotations

Branches:
Dungeon (1/15)

Altars:


Innate Abilities, Weirdness & Mutations

You have a beak for a mouth.
You have claws for feet.
You can magically evade attacks while moving or waiting.


Message History

You kill the ball python!
The giant cockroach completely misses you.
You hit the giant cockroach.
You kill the giant cockroach!
You have reached level 2!
Found a scroll labelled LATSEY MONIE.
You see here a hobgoblin corpse.
You hit the hobgoblin but do no damage. Your kick misses the hobgoblin.
You peck the hobgoblin.
The hobgoblin is severely wounded.
The hobgoblin closely misses you.
Found 7 stones.
The hobgoblin completely misses you.
You hit the hobgoblin.
You kill the hobgoblin!
No target in view!
Found a robe.
You now have 36 gold pieces (gained 16).
A goblin comes into view. It is wielding a +0 dagger.
A goblin is nearby!
Unknown command.
The goblin shouts!
A kobold comes into view. It is wielding a +0 whip.
You barely miss the goblin. You claw the goblin.
You kill the goblin!
No target in view!
Found a hand axe.
A kobold is nearby!
The kobold shouts!
A kobold comes into view.
It is wielding a +2 whip of electrocution.
You barely miss the kobold. You peck the kobold, but do no damage.
The kobold hits you with a +0 whip.
You closely miss the kobold. You claw the kobold.
You kill the kobold!
Things that are here:
a +0 whip; 5 stones; a kobold corpse You hit the kobold but do no damage.
You claw the kobold, but do no damage.
The kobold hits you with a +2 whip of electrocution.
You are electrocuted!
Ouch! That really hurt!
You die...

#.....#.##.######..
#.#.#.#..#.....##..
###.#......?.###.###. .
##.......?#.....#.#...
..#.............#.#.#.##
#....#.............†....
#.........#......†.†.##
#....#.#.##........#.#
#..K@)...........#.#
......#..###........#.#
.........# #...##..##.#
......#..# #...##..##.#
...##.#......)........#
.. # ##.##....##..... .
.....[.....(..#.#
#.............# #
#......#....#..


You could see a kobold.

Vanquished Creatures
  A ball python (D:1)
  A giant cockroach (D:1)
  A goblin (D:1)
  2 hobgoblins (D:1)
  A quokka (D:1)
  A frilled lizard (D:1)
  A kobold (D:1)
  2 rats (D:1)
10 creatures vanquished.

Notes
Turn   | Place    | Note
-------+----------+-------------------------------------------
     0 | D:1      | Aneyh the Tengu Monk began the quest for the Orb.
     0 | D:1      | Reached XP level 1. HP: 14/14 MP: 2/2
   113 | D:1      | Reached XP level 2. HP: 17/19 MP: 3/3
   144 | D:1      | Slain by a kobold

Illustrated notes

Levels and vault maps discovered:
D:1:      dpeg_arrival_lava_temple_mockup, layout_basic, minmay_quantized

Action                     || total
---------------------------++-------
  Melee: Spear             ||    20
         Kick              ||     4
         Peck              ||     2
 Armour: Robe              ||     5
  Dodge: Dodged            ||     5

Table legend: (Time is in decaauts)
 A = Elapsed time spent in this place.
 B = Non-inter-level travel time spent in this place.
 C = Inter-level travel time spent in this place.
 D = Time resting spent in this place.
 E = Time spent auto-exploring this place.
 F = Levels seen in this place.
 G = Mean time per level.
                   A        B        C        D        E       F      G
               +--------+--------+--------+--------+--------+-----+--------+
         Total |    142 |    142 |      0 |     24 |     66 |   1 |  142.0 |
       Dungeon |    142 |    142 |      0 |     24 |     66 |   1 |  142.0 |
               +--------+--------+--------+--------+--------+-----+--------+

Top non-repeatable levels by time:
     D:1: 142 daAuts
